 Dungeon Crawl Stone Soup version 0.21.0-24-g2553a33 (webtiles) character file.

3375 tidbits the Protected (level 10, -2/77 HPs)
             Began as a Gnoll Wanderer on Jan 19, 2018.
             Was an Initiate of Cheibriados.
             Slain by a two-headed ogre
             ... wielding a +0 giant club
              (21 damage)
             ... on level 9 of the Dungeon.
             The game lasted 00:16:33 (2326 turns).

tidbits the Protected (Gnoll Wanderer)              Turns: 2326, Time: 00:16:34

Health: -2/77      AC: 14    Str: 12 (15) XL:     10   Next: 3%
Magic:  17/17      EV: 11    Int: 16 (17) God:    Cheibriados [......]
Gold:   257        SH:  0    Dex: 17 (18) Spells: 18/18 levels left

rFire    + . .     SeeInvis .   a - +3 rapier (elec)
rCold    . . .     Gourm    .   (no shield)
rNeg     . . .     Faith    .   B - +2 scale mail
rPois    .         Spirit   .   E - +1 helmet
rElec    .         Reflect  .   C - scarf {repulsion}
rCorr    .         Harm     .   G - +1 pair of gloves
MR       +....                  (no boots)
Stlth    ++........             (no amulet)
HPRegen  0.22/turn              (no ring)
MPRegen  0.15/turn              (no ring)

@: repel missiles, very slow
A: distributed training, fangs 1, fire resistance 1, magic resistance 1, strong
nose
a: Bend Time, Renounce Religion


You were on level 9 of the Dungeon.
You worshipped Cheibriados.
Cheibriados was noncommittal.
You were not hungry.

You visited 2 branches of the dungeon, and saw 11 of its levels.

You collected 257 gold pieces.

Inventory:

Hand Weapons
 a - a +3 rapier of electrocution (weapon)
   (You found it on level 4 of the Dungeon)
 b - a +0 mace
 d - a +0 short sword
 i - a +0 dagger
 l - a +2 dagger of venom
   (You found it on level 6 of the Dungeon)
 m - a +0 war axe
 q - a +0 dagger of protection
   (You found it on level 4 of the Dungeon)
 t - a +0 hand axe
 v - a +0 morningstar
 x - a +0 great sword
 y - a +1 flail
Missiles
 k - 8 tomahawks (quivered)
 o - 30 sling bullets
 H - 57 arrows
 I - 4 curare-tipped needles
Armour
 p - a +0 plate armour
 B - a +2 scale mail (worn)
 C - a scarf of repulsion (worn)
   (You found it on level 8 of the Dungeon)
 D - a +0 shield
 E - a +1 helmet (worn)
 G - a +1 pair of gloves (worn)
Jewellery
 h - an uncursed ring of wizardry
   (You found it on level 1 of the Dungeon)
 n - an uncursed ring of teleportation
   (You found it on level 8 of the Dungeon)
Wands
 g - a wand of enslavement (8)
Scrolls
 e - a scroll of teleportation
 r - 2 scrolls of remove curse
 u - a scroll of brand weapon {unknown}
Potions
 s - a potion of mutation {!q}
Books
 j - a book of Frost
   (You found it on level 6 of the Dungeon)

   Spells                             Type                      Level
   a - Freeze                         Ice                          1
   b - Throw Frost                    Conjuration/Ice              2
   c - Ozocubu's Armour               Charms/Ice                   3
   d - Throw Icicle                   Conjuration/Ice              4
   e - Summon Ice Beast               Ice/Summoning                4
Comestibles
 c - 5 rations
 f - a chunk of flesh


   Skills:
 + Level 6.7 Fighting
 + Level 4.7 Short Blades
 + Level 4.7 Long Blades
 + Level 4.7 Axes
 + Level 8.2 Maces & Flails
 + Level 4.7 Polearms
 + Level 4.7 Staves
 + Level 4.7 Slings
 + Level 4.7 Bows
 + Level 4.7 Crossbows
 + Level 5.4 Throwing
 + Level 8.2 Armour
 + Level 4.7 Dodging
 + Level 4.7 Stealth
 + Level 4.7 Shields
 + Level 4.7 Unarmed Combat
 + Level 4.7 Spellcasting
 + Level 3.9 Conjurations
 + Level 3.9 Hexes
 + Level 3.9 Charms
 + Level 3.9 Summonings
 + Level 3.9 Necromancy
 + Level 3.9 Translocations
 + Level 3.9 Transmutations
 + Level 3.9 Fire Magic
 + Level 3.9 Ice Magic
 + Level 3.9 Air Magic
 + Level 3.9 Earth Magic
 + Level 3.9 Poison Magic
 + Level 5.2 Invocations
 + Level 5.4 Evocations


You had 18 spell levels left.
You didn't know any spells.

Dungeon Overview and Level Annotations

Branches:
Dungeon (10/15)            Temple (1/1) D:7
   Lair: D:8-11         Orc: D:9-12

Altars:
Ashenzari
Cheibriados
Gozag
Hepliaklqana
Makhleb
Qazlal
Xom

Shops:
D:7 %

Annotations:
D:7 1 transporter


Innate Abilities, Weirdness & Mutations

Your experience applies equally to all skills.
You have very sharp teeth.
Your uncanny sense of smell can sniff out nearby items.
Your flesh is heat resistant. (rF+)
You are resistant to hostile enchantments. (MR+)


Message History

v - a morningstar You see here 13 stones.
An adder zombie comes into view.
The adder zombie moves out of view.
A two-headed ogre and a phantom come into view.
The adder zombie bites you but does no damage.
Found a scroll of identify.
You swap places.
Your orc warrior hits the adder zombie with a war axe!!
The adder zombie is destroyed!
Cheibriados appreciates the change of pace.
Your orc warrior hits something with a war axe!
Something hits your orc warrior.
Something barely misses your orc warrior.
What are your orders? t - Bark!
Orders for allies: a - Attack new target. r - Retreat! s - Stop attacking. g - Guard the area. f - Follow me.
Anything else - Cancel.
Gang up on whom?
Press: ? - help, Dir - move target cursor, f - phantom
Aim: a phantom Attack!
The orc warrior is no longer charmed.
What are your orders? t - Bark!
Orders for allies: a - Attack new target. p - Attack previous target. r - Retreat! s - Stop attacking. g - Guard the area. f - Follow me.
Anything else - Cancel.
Gang up on whom?
Press: ? - help, Dir - move target cursor, f/p - phantom
Aim: a phantom Attack!
The phantom blinks!
You completely miss the orc warrior.
The orc warrior is lightly wounded.
The phantom blinks!
The orc warrior barely misses you.
Evoke which item? (* to show all) (? for menu, Esc to quit)
Aiming: Enslavement
Press: ? - help, Shift-Dir - straight line, f/p - phantom
Aim: a phantom (chance to defeat MR: 45%)
The orc warrior is charmed.
The two-headed ogre hits your orc warrior with a giant club!
The two-headed ogre hits your orc warrior but does no damage.
What are your orders? t - Bark!
Orders for allies: a - Attack new target. p - Attack previous target. r - Retreat! s - Stop attacking. g - Guard the area. f - Follow me.
Anything else - Cancel.
Gang up on whom?
Press: ? - help, Dir - move target cursor, f/p - phantom
Aim: a phantom Attack!
Your orc warrior hits the two-headed ogre but does no damage.
Unknown command.
What are your orders? t - Bark!
Orders for allies: a - Attack new target. p - Attack previous target. r - Retreat! s - Stop attacking. g - Guard the area. f - Follow me.
Anything else - Cancel.
Gang up on whom?
Press: ? - help, Dir - move target cursor, f - two-headed ogre, p - phantom
Aim: a two-headed ogre, wielding a giant club and a giant spiked club (lightly wounded) Attack!
Your orc warrior hits the two-headed ogre with a war axe.
The two-headed ogre hits your orc warrior with a giant club!
The two-headed ogre hits your orc warrior with a giant spiked club!
Your orc warrior dies!
A crimson imp comes into view.
You hit the two-headed ogre.
The two-headed ogre is moderately wounded.
The two-headed ogre misses you.
The two-headed ogre hits you with a giant spiked club!!
* * * LOW HITPOINT WARNING * * *
You hit the two-headed ogre.
The two-headed ogre is moderately wounded.
You hit the two-headed ogre but do no damage.
The two-headed ogre is moderately wounded.
The two-headed ogre hits you with a giant club.
* * * LOW HITPOINT WARNING * * *
The two-headed ogre hits you but does no damage.
The crimson imp blinks!
You hit the two-headed ogre.
The two-headed ogre is moderately wounded.
The two-headed ogre closely misses you. The two-headed ogre barely misses you.
You puncture the two-headed ogre! Your bite misses the two-headed ogre.
The two-headed ogre is heavily wounded.
The two-headed ogre hits you with a giant club.
* * * LOW HITPOINT WARNING * * *
The two-headed ogre hits you with a giant spiked club.
* * * LOW HITPOINT WARNING * * *
You hit the two-headed ogre.
Lightning courses through the two-headed ogre!
The two-headed ogre is severely wounded.
You hit the two-headed ogre.
The two-headed ogre is severely wounded.
The two-headed ogre hits you with a giant club!!
You die...

####### ####### .......
#.....# ....... #.....####
....... #........# .......
#........#
.......####........#
.......WO@.........#######
.......####........##.....
....... #........##.....
....... #.....#(.##.....
?....O. ########.##.....
....... #########†.#.....
....... .........).......
####### ##########.......
##......


You could see a two-headed ogre and a phantom.

Vanquished Creatures
  3 two-headed ogres (D:8)
  A human (D:7)
  A necrophage (D:8)
  3 ogres
  2 bullfrogs
  A gnoll sergeant (D:7)
  A water moccasin zombie (D:5)
  2 scorpions
  4 killer bees (D:8)
  3 howler monkeys
  A crimson imp (D:5)
  3 hounds
  2 jellies
  A gnoll shaman (D:6)
  A centaur skeleton (D:4)
  2 orc priests (D:5)
  3 orc wizards (D:6)
  2 worker ants
  A hound skeleton (D:5)
  5 gnolls
  4 adders
  A shadow imp (D:8)
  An ooze (D:5)
  An adder zombie (D:8)
  2 worms
  A dart slug (D:3)
  2 leopard geckos
  8 orcs
  2 bats (D:1)
  A giant cockroach (D:6)
  A goblin (D:2)
  2 hobgoblins (D:1)
  3 jackals (D:4)
  2 quokkas
  2 frilled lizards
  2 kobolds
  A leopard gecko skeleton (D:7)
  A quokka zombie (D:8)
  2 rats
81 creatures vanquished.

Vanquished Creatures (collateral kills)
  A necrophage (D:8)
  A centaur (D:8)
  2 orc priests (D:9)
  An adder (D:8)
  An adder zombie (D:9)
6 creatures vanquished.

Vanquished Creatures (others)
  An orc warrior (D:9)
  An orc wizard (D:6)
2 creatures vanquished.

Grand Total: 89 creatures vanquished

Notes
Turn   | Place    | Note
-------+----------+-------------------------------------------
     0 | D:1      | tidbits the Gnoll Wanderer began the quest for the Orb.
     0 | D:1      | tidbits set off with: a +2 scale mail, a +0 mace, a potion of curing, a ration
     0 | D:1      | Reached XP level 1. HP: 20/20 MP: 2/2
   147 | D:2      | Reached XP level 2. HP: 24/26 MP: 3/3
   265 | D:2      | Reached XP level 3. HP: 16/31 MP: 4/4
   345 | D:3      | Found a shimmering altar of Xom.
   421 | D:4      | Reached skill level 1 in Invocations
   578 | D:4      | Gained mutation: You are resistant to hostile enchantments. (MR+) [potion of mutation]
   578 | D:4      | Gained mutation: Your flesh is heat resistant. (rF+) [potion of mutation]
   639 | D:4      | Reached skill level 1 in Short Blades
   639 | D:4      | Reached skill level 1 in Long Blades
   639 | D:4      | Reached skill level 1 in Axes
   639 | D:4      | Reached skill level 1 in Polearms
   639 | D:4      | Reached skill level 1 in Staves
   639 | D:4      | Reached skill level 1 in Slings
   639 | D:4      | Reached skill level 1 in Bows
   639 | D:4      | Reached skill level 1 in Crossbows
   639 | D:4      | Reached skill level 1 in Dodging
   639 | D:4      | Reached skill level 1 in Stealth
   639 | D:4      | Reached skill level 1 in Shields
   639 | D:4      | Reached skill level 1 in Unarmed Combat
   639 | D:4      | Reached skill level 1 in Spellcasting
   719 | D:5      | Entered Level 5 of the Dungeon
   730 | D:5      | Reached XP level 4. HP: 32/38 MP: 6/6
   786 | D:6      | Found a stormy altar of Qazlal.
   825 | D:6      | Reached skill level 1 in Conjurations
   825 | D:6      | Reached skill level 1 in Hexes
   825 | D:6      | Reached skill level 1 in Charms
   825 | D:6      | Reached skill level 1 in Summonings
   825 | D:6      | Reached skill level 1 in Necromancy
   825 | D:6      | Reached skill level 1 in Translocations
   825 | D:6      | Reached skill level 1 in Transmutations
   825 | D:6      | Reached skill level 1 in Fire Magic
   825 | D:6      | Reached skill level 1 in Ice Magic
   825 | D:6      | Reached skill level 1 in Air Magic
   825 | D:6      | Reached skill level 1 in Earth Magic
   825 | D:6      | Reached skill level 1 in Poison Magic
   840 | D:7      | Noticed a phantom
   899 | D:6      | Reached XP level 5. HP: 35/43 MP: 7/7
   915 | D:6      | Reached skill level 3 in Throwing
   915 | D:6      | Reached skill level 3 in Evocations
   954 | D:5      | Reached XP level 6. HP: 34/50 MP: 8/8
   959 | D:5      | Reached skill level 2 in Invocations
  1071 | D:7      | Noticed a phantom
  1158 | D:6      | Reached skill level 5 in Fighting
  1177 | D:6      | Reached skill level 2 in Short Blades
  1177 | D:6      | Reached skill level 2 in Long Blades
  1177 | D:6      | Reached skill level 2 in Axes
  1177 | D:6      | Reached skill level 2 in Polearms
  1177 | D:6      | Reached skill level 2 in Staves
  1177 | D:6      | Reached skill level 2 in Slings
  1177 | D:6      | Reached skill level 2 in Bows
  1177 | D:6      | Reached skill level 2 in Crossbows
  1177 | D:6      | Reached skill level 2 in Dodging
  1177 | D:6      | Reached skill level 2 in Stealth
  1177 | D:6      | Reached skill level 2 in Shields
  1177 | D:6      | Reached skill level 2 in Unarmed Combat
  1177 | D:6      | Reached skill level 2 in Spellcasting
  1280 | D:4      | Reached XP level 7. HP: 47/56 MP: 10/10
  1305 | D:4      | Reached skill level 7 in Maces & Flails
  1305 | D:4      | Reached skill level 7 in Armour
  1362 | D:5      | Reached skill level 2 in Conjurations
  1362 | D:5      | Reached skill level 2 in Hexes
  1362 | D:5      | Reached skill level 2 in Charms
  1362 | D:5      | Reached skill level 2 in Summonings
  1362 | D:5      | Reached skill level 2 in Necromancy
  1362 | D:5      | Reached skill level 2 in Translocations
  1362 | D:5      | Reached skill level 2 in Transmutations
  1362 | D:5      | Reached skill level 2 in Fire Magic
  1362 | D:5      | Reached skill level 2 in Ice Magic
  1362 | D:5      | Reached skill level 2 in Air Magic
  1362 | D:5      | Reached skill level 2 in Earth Magic
  1362 | D:5      | Reached skill level 2 in Poison Magic
  1430 | D:5      | Found a shattered altar of Ashenzari.
  1595 | D:7      | Found a staircase to the Ecumenical Temple.
  1663 | D:7      | Noticed a human
  1674 | D:7      | Killed a human
  1674 | D:7      | Reached skill level 3 in Invocations
  1674 | D:7      | Reached XP level 8. HP: 53/63 MP: 10/12
  1748 | D:7      | Found a transporter.
  1758 | D:7      | Found Epru's Food Boutique.
  1758 | D:7      | Noticed a kobold demonologist
  1824 | D:8      | Identified a scroll of acquirement
  1837 | D:8      | Reached skill level 3 in Short Blades
  1837 | D:8      | Reached skill level 3 in Long Blades
  1837 | D:8      | Reached skill level 3 in Axes
  1837 | D:8      | Reached skill level 3 in Polearms
  1837 | D:8      | Reached skill level 3 in Staves
  1837 | D:8      | Reached skill level 3 in Slings
  1837 | D:8      | Reached skill level 3 in Bows
  1837 | D:8      | Reached skill level 3 in Crossbows
  1837 | D:8      | Reached skill level 4 in Throwing
  1837 | D:8      | Reached skill level 3 in Dodging
  1837 | D:8      | Reached skill level 3 in Stealth
  1837 | D:8      | Reached skill level 3 in Shields
  1837 | D:8      | Reached skill level 3 in Unarmed Combat
  1837 | D:8      | Reached skill level 3 in Spellcasting
  1837 | D:8      | Reached skill level 4 in Evocations
  1846 | D:8      | Noticed a two-headed ogre
  1866 | D:8      | Killed a two-headed ogre
  1881 | D:9      | Found a burning altar of Makhleb.
  1906 | D:8      | Noticed a two-headed ogre
  1925 | D:8      | Killed a two-headed ogre
  1925 | D:8      | Reached skill level 6 in Fighting
  1925 | D:8      | Reached skill level 4 in Short Blades
  1925 | D:8      | Reached skill level 4 in Long Blades
  1925 | D:8      | Reached skill level 4 in Axes
  1925 | D:8      | Reached skill level 4 in Polearms
  1925 | D:8      | Reached skill level 4 in Staves
  1925 | D:8      | Reached skill level 4 in Slings
  1925 | D:8      | Reached skill level 4 in Bows
  1925 | D:8      | Reached skill level 4 in Crossbows
  1925 | D:8      | Reached skill level 4 in Dodging
  1925 | D:8      | Reached skill level 4 in Stealth
  1925 | D:8      | Reached skill level 4 in Shields
  1925 | D:8      | Reached skill level 4 in Unarmed Combat
  1925 | D:8      | Reached skill level 4 in Spellcasting
  1925 | D:8      | Reached skill level 3 in Conjurations
  1925 | D:8      | Reached skill level 3 in Hexes
  1925 | D:8      | Reached skill level 3 in Charms
  1925 | D:8      | Reached skill level 3 in Summonings
  1925 | D:8      | Reached skill level 3 in Necromancy
  1925 | D:8      | Reached skill level 3 in Translocations
  1925 | D:8      | Reached skill level 3 in Transmutations
  1925 | D:8      | Reached skill level 3 in Fire Magic
  1925 | D:8      | Reached skill level 3 in Ice Magic
  1925 | D:8      | Reached skill level 3 in Air Magic
  1925 | D:8      | Reached skill level 3 in Earth Magic
  1925 | D:8      | Reached skill level 3 in Poison Magic
  1925 | D:8      | Reached skill level 4 in Invocations
  1925 | D:8      | Reached XP level 9. HP: 18/69 MP: 13/15
  2014 | Temple   | Entered the Ecumenical Temple
  2027 | Temple   | Became a worshipper of Cheibriados the Contemplative
  2051 | D:8      | Noticed a two-headed ogre
  2062 | D:8      | Reached skill level 5 in Throwing
  2062 | D:8      | Reached skill level 5 in Evocations
  2127 | D:8      | Killed a two-headed ogre
  2127 | D:8      | Reached skill level 8 in Maces & Flails
  2127 | D:8      | Reached skill level 8 in Armour
  2127 | D:8      | Reached skill level 5 in Invocations
  2137 | D:8      | HP: 4/71 [killer bee (4)]
  2142 | D:8      | HP: 3/71 [poisoned by a killer bee]
  2150 | D:8      | HP: 3/71 [poisoned by a killer bee]
  2177 | D:8      | Reached XP level 10. HP: 10/77 MP: 15/17
  2230 | D:10     | Entered Level 10 of the Dungeon
  2310 | D:9      | Noticed a two-headed ogre
  2326 | D:9      | Slain by a two-headed ogre

Skill      XL: |  1  2  3  4  5  6  7  8  9 |
---------------+----------------------------+-----
Invocations    | 1 2 3 4 5 |  5.2
Short Blades   | 1 2 4 |  4.7
Long Blades    | 1 2 4 |  4.7
Axes           | 1 2 4 |  4.7
Polearms       | 1 2 4 |  4.7
Staves         | 1 2 4 |  4.7
Slings         | 1 2 4 |  4.7
Bows           | 1 2 4 |  4.7
Crossbows      | 1 2 4 |  4.7
Dodging        | 1 2 4 |  4.7
Stealth        | 1 2 4 |  4.7
Shields        | 1 2 4 |  4.7
Unarmed Combat | 1 2 4 |  4.7
Spellcasting   | 1 2 4 |  4.7
Conjurations   | 1 2 3 |  3.9
Hexes          | 1 2 3 |  3.9
Charms         | 1 2 3 |  3.9
Summonings     | 1 2 3 |  3.9
Necromancy     | 1 2 3 |  3.9
Translocations | 1 2 3 |  3.9
Transmutations | 1 2 3 |  3.9
Fire Magic     | 1 2 3 |  3.9
Ice Magic      | 1 2 3 |  3.9
Air Magic      | 1 2 3 |  3.9
Earth Magic    | 1 2 3 |  3.9
Poison Magic   | 1 2 3 |  3.9
Throwing       | 3 4 5 |  5.4
Evocations     | 3 4 5 |  5.4
Fighting       | 5 6 |  6.7
Maces & Flails | 7 8 |  8.2
Armour         | 7 8 |  8.2

Action                   |  1- 3 |  4- 6 |  7- 9 | 10-12 || total
-------------------------+-------+-------+-------+-------++-------
Melee: Mace              |    92 |       |       |       ||    92
       Bite              |     5 |    10 |    21 |       ||    36
       Flail             |    12 |    73 |       |       ||    85
       Unarmed           |       |     9 |       |       ||     9
       Punch             |       |     1 |     4 |       ||     5
       Rapier            |       |       |   141 |    14 ||   155
Throw: Tomahawk          |       |     3 |       |       ||     3
Evoke: Wand              |       |       |     1 |     3 ||     4
  Use: Potion            |     2 |     4 |     9 |       ||    15
       Scroll            |     7 |     4 |     5 |     1 ||    17
 Stab: Invisible         |       |       |     5 |       ||     5
  Eat: Chunk             |       |     1 |       |       ||     1
       Ration            |       |       |     2 |       ||     2
Armor: Scale mail        |    45 |    40 |    84 |     7 ||   176
       Skin              |       |     4 |       |       ||     4
Dodge: Dodged            |    46 |    40 |   120 |     6 ||   212

Table legend:
 A = Turns spent in this place as a percentage of turns spent in the entire game.
 B = Non-inter-level travel turns spent in this place as a percentage of non-inter-level travel turns spent in the entire game.
 C = Inter-level travel turns spent in this place as a percentage of turns spent in this place.
 D = Turns resting spent in this place as a percentage of non-inter-level travel turns spent in this place.
 E = Turns spent auto-exploring this place as a percentage of non-inter-level travel turns spent in this place.
 F = Non-inter-level travel turns spent in this place divided by the number of levels of this place that you've seen.
                   A       B       C       D       E      F
               +-------+-------+-------+-------+-------+----------------------
         Total | 100.0 | 100.0 |   0.9 |   0.0 |   0.0 | 209.5
       Dungeon |  98.8 |  99.3 |   0.4 |   0.0 |   0.0 | 229.0
        Temple |   1.2 |   0.7 |  44.4 |   0.0 |   0.0 |  15.0
               +-------+-------+-------+-------+-------+----------------------

Table legend:
 A = Kills in this place as a percentage of kills in entire the game.
 B = Kills by you in this place as a percentage of kills by you in the entire game.
 C = Kills by friends in this place as a percentage of kills by friends in the entire game.
 D = Other kills in this place as a percentage of other kills in the entire game.
 E = Experience gained in this place as a percentage of experience gained in the entire game.
 F = Experience gained in this place divided by the number of levels of this place that you have seen.
                   A       B       C       D       E      F
               +-------+-------+-------+-------+-------+----------------------
         Total | 100.0 | 100.0 | 100.0 | 100.0 | 100.0 | 438.4
       Dungeon | 100.0 | 100.0 | 100.0 | 100.0 | 100.0 | 482.2
               +-------+-------+-------+-------+-------+----------------------

Vault maps used:
D:1:      enne_arrival_octagon_isle
D:3:      lemuel_doored_altar, chequers_ecumenical_altar_simple, first_ration,
          minmay_tree_intersection, mrwooster_statue_mirror, dk_xom_monty_hall,
          uniq_grinder, uniq_crazy_yiuf_cottage
D:4:      nrook_loot_triangle
D:5:      minitemple, basic_altar, kennysheep_nondescript, uniq_blork_the_orc
D:6:      grunt_qazlal_clouds
D:7:      gammafunk_wand_slinger, minmay_temple_entry_from_below_a,
          serial_shops, shop, grunt_livestock
D:9:      overflow_temple_1_default, nrook_uturn
D:10:     minmay_lair_entry_lava, david_orc_4, serial_shops, shop_fountains,
          nicolae_ru_path_of_blood, uniq_josephine, uniq_erolcha
Temple:   regret_index_temple_sphere_string
